AoeStats
← Valazyrka

Arena

510670760Analyzed
4v4 RM · 1d ago on Oct 2, 2026· 51m 43s· 8 players
Game mode
Random Map
Map size
Large (8 player)
Population
200
Speed
Normal
Resources
Standard
Victory
Conquest
Starting age
Dark Age
Ending age
Imperial Age
RankedLock teamsTeams togetherTeam positionsShared explorationLock speedFull tech treeHidden civsTurbo modeCheats
Victory
Defeat
🇫🇷 Turks · France
984
+13
🇺🇸 Teutons · United States
916
+16
🇫🇷 Goths · France
906
+17
🇨🇴 Saxons · Colombia
898
+17
🇹🇼 Huns · Taiwan
969
-18
🇨🇱 Chinese · Chile
931
-46
🇨🇱 Mongols · Chile
928
-16
🇨🇱 Teutons · Chile
848
-13
fatfatfattie
12:43 Feudal Age
18:09 Castle Age
16:31 Horse Collar
16:44 Double-Bit Axe
19:01 Fletching
19:17 Horse Collar
19:50 Bow Saw
20:24 Heavy Plow
25:33 Stone Mining
25:48 Gold Mining
29:21 Wheelbarrow
28:33 Loom
28:34 Town Watch
32:00 Imperial Age
31:04 Forging
30:56 Scale Mail Armor
30:53 Bodkin Arrow
32:18 Wheelbarrow
31:29 Loom
31:29 Town Watch
32:40 Fortified Wall
33:44 Chemistry
33:09 Conscription
32:59 Squires
32:46 Arson
32:26 Pikeman
33:53 Iron Casting
33:36 Chain Mail Armor
34:07 Hand Cart
33:56 Town Patrol
35:46 Blast Furnace
34:58 Elite Teutonic Knight
38:11 Plate Mail Armor
38:38 Crenellations
41:45 Halberdier
42:40 Bloodlines
41:51 Cavalier
42:23 Elite Skirmisher
45:23 Caravan
46:36 Paladin
francis le tueur
12:23 Feudal Age
13:55 Double-Bit Axe
13:52 Horse Collar
14:03 Gold Mining
17:21 Castle Age
21:24 Imperial Age
19:48 Padded Archer Armor
20:45 Leather Archer Armor
23:08 Ring Archer Armor
26:52 Ballistics
33:12 Wheelbarrow
32:53 Bow Saw
33:00 Heavy Plow
33:47 Gold Shaft Mining
33:08 Town Watch
33:09 Loom
34:19 Husbandry
34:34 Bloodlines
45:37 Fletching
46:27 Bodkin Arrow
47:22 Bracer
Barbaricci
9:49 Feudal Age
12:37 Double-Bit Axe
14:59 Castle Age
13:08 Horse Collar
15:44 Heavy Plow
18:05 Loom
23:32 Redemption
28:28 Imperial Age
26:14 Fletching
26:56 Bow Saw
27:33 Sanctity
27:28 Gold Mining
27:31 Stone Mining
28:24 Wheelbarrow
28:30 Bodkin Arrow
28:38 Padded Archer Armor
29:39 Block Printing
29:53 Bracer
32:00 Hand Cart
32:01 Heavy Mounted Crossbowman
33:31 Conscription
33:43 Bloodlines
32:58 Pikeman
34:26 Squires
33:57 Cranequins
35:32 Scale Mail Armor
35:42 Forging
35:00 Halberdier
36:06 Shield Wall
37:06 Husbandry
36:29 Clerical Recruitment
38:00 Arson
39:09 Chain Mail Armor
39:30 Iron Casting
40:02 Chemistry
39:09 Siege Engineers
41:20 Leather Archer Armor
43:31 Plate Mail Armor
43:32 Ring Archer Armor
44:05 Fortified Wall
44:35 Elite Skirmisher
47:35 Illumination
48:36 Ballistics
50:15 Crop Rotation
50:46 Two-Man Saw
50:37 Gold Shaft Mining
51:08 Elite Varangian Guard
Nounoursrz
11:25 Feudal Age
16:24 Castle Age
14:41 Double-Bit Axe
17:29 Bow Saw
17:02 Horse Collar
17:54 Stone Mining
20:07 Stone Shaft Mining
20:24 Heavy Plow
21:15 Gold Mining
24:32 Caravan
28:49 Forging
28:40 Scale Mail Armor
28:30 Fletching
32:14 Imperial Age
31:19 Wheelbarrow
32:40 Squires
32:03 Pikeman
33:51 Iron Casting
33:31 Chain Mail Armor
33:12 Bodkin Arrow
33:07 Halberdier
34:10 Conscription
33:51 Perfusion
36:18 Elite Huskarl
38:23 Blast Furnace
37:23 Bracer
40:26 Two-Man Saw
40:00 Crop Rotation
39:49 Hand Cart
40:33 Anarchy
Valazyrka
11:53 Feudal Age
13:06 Double-Bit Axe
14:23 Wheelbarrow
21:41 Castle Age
23:28 Pikeman
30:22 Imperial Age
28:26 Bow Saw
28:58 Horse Collar
31:35 Heavy Plow
35:17 Scale Barding Armor
34:58 Elite Fire Lancer
37:40 Two-Man Saw
36:38 Heavy Rocket Cart
39:54 Chemistry
jerry80tim
9:47 Feudal Age
8:07 Loom
10:22 Loom
15:17 Castle Age
14:50 Double-Bit Axe
17:34 Bow Saw
23:58 Horse Collar
25:13 Wheelbarrow
26:00 Gold Mining
26:01 Stone Mining
32:57 Imperial Age
31:09 Gold Shaft Mining
30:48 Bloodlines
30:38 Husbandry
31:20 Marauders
31:54 Hand Cart
33:19 Scale Barding Armor
33:24 Forging
34:29 Conscription
35:49 Town Watch
40:16 Town Patrol
42:12 Chain Barding Armor
42:27 Iron Casting
41:43 Fletching
41:53 Padded Archer Armor
42:56 Chemistry
42:08 Masonry
42:19 Ballistics
43:56 Plate Barding Armor
43:17 Fletching
43:27 Padded Archer Armor
Bakumian
10:28 Feudal Age
11:10 Man-at-Arms
14:10 Arson
15:40 Horse Collar
17:29 Double-Bit Axe
18:31 Forging
22:57 Castle Age
23:55 Long Swordsman
25:50 Bow Saw
28:19 Heavy Plow
28:49 Squires
29:40 Wheelbarrow
28:51 Loom
29:20 Fletching
36:28 Scale Mail Armor
37:04 Iron Casting
37:46 Chain Mail Armor
OvertChunk95
3:49 Loom
12:14 Feudal Age
14:24 Double-Bit Axe
18:20 Castle Age
16:28 Horse Collar
19:41 Wheelbarrow
22:37 Bow Saw
22:57 Heavy Plow
28:21 Hand Cart
31:18 Imperial Age
31:35 Hand Cart
32:26 Town Watch
32:46 Stone Mining
32:47 Gold Mining
32:58 Fletching
33:34 Ballistics
34:46 Conscription
34:56 Parthian Tactics
34:38 Thumb Ring
34:31 Bodkin Arrow
34:36 Padded Archer Armor
35:39 Chemistry
35:37 Gold Shaft Mining
35:46 Bracer
36:10 Drill
36:14 Leather Archer Armor
36:06 Husbandry
36:17 Bloodlines
36:16 Heavy Cavalry Archer
38:32 Hoardings
38:31 Scale Barding Armor
38:37 Forging
40:19 Caravan
39:49 Capped Ram
44:08 Heavy Scorpion
44:51 Onager
46:23 Siege Ram
48:02 Siege Engineers
48:11 Elite Skirmisher
49:11 Fortified Wall
50:07 Stone Shaft Mining
Connection lost

Rejoining the realm…

Still unreachable

The connection could not be restored.

Session expired

The server has moved on; the page needs a fresh start.